 Dungeon Crawl Stone Soup version 0.28-b1-25-g9875b3fc8c (webtiles) character file.

Game seed: 3884662578156902470

3087 cayde69 the Basher (level 9, -3/92 HPs)
             Began as a Hill Orc Fighter on Feb 2, 2022.
             Was an Elder of the Shining One.
             Slain by a scorpion (4 damage)
             ... on level 7 of the Dungeon.
             The game lasted 00:16:49 (7858 turns).

cayde69 the Basher (Hill Orc Fighter)               Turns: 7858, Time: 00:16:49

Health: -3/92      AC: 14    Str: 23    XL:     9   Next: 89%
Magic:  9/9        EV:  6    Int:  8    God:    the Shining One [****..]
Gold:   342        SH:  4    Dex: 10    Spells: 8/8 levels left

rFire   . . .      SeeInvis .   q - +2 flail (holy)
rCold   . . .      Faith    .   c - +0 buckler
rNeg    + + .      Spirit   .   i - +0 plate armour
rPois   .          Reflect  .   z - +2 helmet
rElec   .          Harm     .   (no cloak)
rCorr   .          Rampage  .   (no gloves)
Will    .....                   (no boots)
Stlth   ..........              (no amulet)
HPRegen 0.25/turn               (no ring)
MPRegen 0.11/turn               (no ring)

@: lethally poisoned (-3 -> -3), glowing, studying Maces & Flails
A: no striking features
a: Renounce Religion, Divine Shield, Cleansing Flame


You were on level 7 of the Dungeon.
You worshipped the Shining One.
The Shining One was greatly pleased with you.
You visited 2 branches of the dungeon, and saw 8 of its levels.

You collected 342 gold pieces.

Inventory:

Hand Weapons
 a - a +0 war axe
 q - a +2 flail of holy wrath (weapon)
 s - a +2 flail of protection
 A - a +4 hand axe
Armour
 b - a +0 scale mail
 c - a +0 buckler (worn)
 i - a +0 plate armour (worn)
 z - a +2 helmet (worn)
Jewellery
 e - a +4 ring of evasion
 m - a +6 ring of intelligence
 n - a ring of see invisible
 t - a ring of magical power
Wands
 u - a wand of charming (2)
 y - a wand of flame (22)
Scrolls
 f - a scroll of teleportation
 g - 5 scrolls of identify {unknown}
 h - 2 scrolls of enchant weapon {unknown}
 j - 3 scrolls of immolation {unknown}
 k - 2 scrolls of noise {unknown}
 p - a scroll of amnesia {unknown}
 v - a scroll of blinking {unknown}
 w - a scroll of fog {unknown}
Potions
 d - a potion of ambrosia {unknown}
 l - 3 potions of flight {unknown}
 o - 3 potions of curing {unknown}
 r - a potion of mutation {unknown}
 x - 3 potions of heal wounds {unknown}
 B - 2 potions of lignification {unknown}


   Skills:
 + Level 12.6 Fighting
 - Level 2.6(10.5) Axes
 + Level 13.2(13.3) Maces & Flails
 - Level 3.2 Armour
 - Level 0.1 Dodging
 - Level 0.1 Stealth
 - Level 3.2 Shields
 * Level 0.5 Invocations


You had 8 spell levels left.
You didn't know any spells.
Your spell library contained the following spells:

 Spells                   Type           Power      Damage    Failure   Level
 Foxfire                  Conj/Fire      0%         2x1d4     100%        1
 Ensorcelled Hibernation  Hex/Ice        0%         N/A       100%        2
 Static Discharge         Conj/Air       0%         N/A       100%        2
 Conjure Flame            Conj/Fire      0%         6-21      100%        3
 Ignite Poison            Fire/Tmut/Pois 0%         N/A       100%        3
 Inner Flame              Hex/Fire       0%         N/A       100%        3
 Spider Form              Tmut/Pois      0%         N/A       100%        3
 Anguish                  Hex/Necr       0%         N/A       100%        4
 Dispel Undead            Necr           0%         3d6       100%        4
 Flame Wave               Conj/Fire      0%         2d4       100%        4
 Sticky Flame             Conj/Fire      0%         2d3       100%        4
 Lightning Bolt           Conj/Air       0%         1d11      100%        5
 Maxwell's Capacitive Co  Air            0%         ∞         100%        8
 Chain Lightning          Conj/Air       0%         N/A       100%        9
 Fire Storm               Conj/Fire      0%         5d1       100%        9
 Shatter                  Erth           0%         3d5*      100%        9


Dungeon Overview and Level Annotations

Branches:
Dungeon (7/15)             Temple (1/1) D:6

Altars:
Cheibriados
Dithmenos
Fedhas
Gozag
Hepliaklqana
Kikubaaqudgha
Nemelex Xobeh
Okawaru
Qazlal
Ru
Sif Muna
Trog
Uskayaw
Wu Jian
Xom
Yredelemnul
Zin
The Shining One

Shops:
D:5 *!*   D:6 *


Message History

The boulder beetle stops rolling and uncurls.
The boulder beetle leaps!
Your surroundings suddenly seem different.
A scorpion comes into view.
The scorpion stings you but does no damage.
The scorpion closely misses you.
The orc warrior throws a poisoned dart.
The poisoned dart barely misses you. The scorpion stings you.
* * * LOW HITPOINT WARNING * * *
You are poisoned.
The scorpion poisons you!
* * * LOW HITPOINT WARNING * * *
You feel very sick.
* * * LOW HITPOINT WARNING * * *
You feel sick.
* * * LOW HITPOINT WARNING * * *
You feel sick.
* * * LOW HITPOINT WARNING * * *
You feel sick. You block the scorpion's attack.
* * * LOW HITPOINT WARNING * * *
You feel sick.
* * * LOW HITPOINT WARNING * * *
You feel sick.
Unknown command.
Unknown command.
Unknown command.
Unknown command.
Unknown command.
Unknown command.
Unknown command.
Unknown command.
You hit the scorpion but do no damage.
* * * LOW HITPOINT WARNING * * *
You feel sick. The scorpion stings you. The Shining One protects you from harm!
You hit the scorpion.
The scorpion is lightly wounded.
* * * LOW HITPOINT WARNING * * *
You feel sick. The scorpion stings you.
You die...

#....♣....# #..# #
♣.....#.# #..#####
#.♣♣♣.#.#
####.......
♣.#.######.......###
♣.#.....##.#####.# #
♣.#.###.## #.# ♣.#o#
#.# ..#s######.# #.#
###@..>....# #.#
###.####.... ..###
#.# # ####. #.#
..... #.# ####. #.#
# #.# #.#
#.#############.


You could see an orc warrior and a scorpion.

Vanquished Creatures
  A two-headed ogre (D:7)
  Grinder (D:5)
  Sigmund (D:4)
  Eustachio (D:6)
  Edmund (D:4)
  A water moccasin (D:7)
  Duvessa (D:6)
  A black bear (D:6)
  A centaur (D:6)
  2 ogres
  A phantom (D:4)
  3 bullfrogs
  2 scorpions
  A water moccasin zombie (D:6)
  A water moccasin skeleton (D:6)
  Dowan (D:6)
  2 bullfrog zombies (D:5)
  A centaur zombie (D:7)
  2 bullfrog skeletons
  An orc priest (D:7)
  A hound (D:5)
  2 jellies
  2 centaur skeletons
  2 gnoll shamans
  Natasha (twice) (D:3)
  4 orc wizards
  An iguana (D:6)
  2 hound skeletons
  A mummy (D:3)
  Robin (D:3)
  7 gnolls
  5 adders
  2 shadow imps (D:5)
  2 white imps (D:6)
  A worm (D:3)
  4 dart slugs
  11 orcs
  4 endoplasms
  4 giant cockroaches
  7 goblins
  5 hobgoblins
  2 jackals (D:3)
  8 kobolds
  5 quokkas
  12 ball pythons
  2 bats (D:1)
  4 frilled lizards
  2 rats
131 creatures vanquished.

Vanquished Creatures (others)
  4 toadstools (D:4)
4 creatures vanquished.

Grand Total: 135 creatures vanquished

Notes
Turn   | Place    | Note
-------+----------+-------------------------------------------
     0 | D:1      | cayde69 the Hill Orc Fighter began the quest for the Orb.
     0 | D:1      | Reached XP level 1. HP: 19/19 MP: 1/1
   152 | D:1      | Found a faded altar of an unknown god.
   163 | D:1      | Reached XP level 2. HP: 27/27 MP: 2/2
   167 | D:1      | Prayed at the altar of an unknown god.
   167 | D:1      | Became a worshipper of the Shining One
   167 | D:1      | Reached * piety under the Shining One
  1061 | D:1      | Reached XP level 3. HP: 35/35 MP: 3/3
  1172 | D:2      | Reached skill level 5 in Fighting
  1704 | D:3      | Reached XP level 4. HP: 44/44 MP: 4/4
  1834 | D:3      | Noticed Robin
  1840 | D:3      | Killed Robin
  1990 | D:3      | Reached ** piety under the Shining One
  2174 | D:3      | Noticed Natasha
  2185 | D:3      | Killed Natasha
  2186 | D:3      | Reached XP level 5. HP: 41/51 MP: 5/5
  2336 | D:3      | Noticed Natasha
  2339 | D:3      | Killed Natasha
  2451 | D:3      | Found a snail-covered altar of Cheibriados.
  2921 | D:4      | Identified the +0 ring mail of Pessimism {rElec Regen+
                  | rCorr Dex-2}
  2934 | D:4      | Noticed Sigmund
  2943 | D:4      | Killed Sigmund
  2944 | D:4      | Reached XP level 6. HP: 49/62 MP: 6/6
  3233 | D:4      | Reached XP level 7. HP: 38/70 MP: 7/7
  3706 | D:4      | Noticed Edmund
  3719 | D:4      | Killed Edmund
  3720 | D:4      | Reached skill level 10 in Fighting
  4199 | D:5      | Entered Level 5 of the Dungeon
  4266 | D:5      | Noticed a +0 spear
  4269 | D:5      | Noticed a +0 short sword
  4271 | D:5      | Noticed a +0 short sword
  4272 | D:5      | Reached skill level 1 in Maces & Flails
  4273 | D:5      | Noticed a +0 dagger
  4275 | D:5      | Noticed a +0 spear
  4282 | D:5      | Noticed a +0 falchion
  4290 | D:5      | Noticed a +0 dagger
  4292 | D:5      | Noticed a +0 falchion
  4335 | D:5      | Found a hide-covered altar of Uskayaw.
  4638 | D:5      | Found Zyjic's Distillery.
  4705 | D:5      | Reached skill level 2 in Maces & Flails
  4746 | D:5      | Reached *** piety under the Shining One
  4753 | D:5      | Reached XP level 8. HP: 81/81 MP: 8/8
  4761 | D:5      | Noticed Grinder
  4770 | D:5      | Killed Grinder
  4771 | D:5      | Reached skill level 5 in Maces & Flails
  4821 | D:5      | Reached skill level 6 in Maces & Flails
  4978 | D:5      | Found Uwobluu's Assorted Antiques.
  5151 | D:5      | Found Juxiassu's General Store.
  5369 | D:6      | Reached skill level 7 in Maces & Flails
  5561 | D:6      | Noticed Duvessa
  5561 | D:6      | Noticed Dowan
  5568 | D:6      | Killed Duvessa
  5569 | D:6      | Reached skill level 8 in Maces & Flails
  5584 | D:6      | Killed Dowan
  5882 | D:6      | Reached skill level 9 in Maces & Flails
  5910 | D:6      | Found a sacrificial altar of Ru.
  5911 | D:6      | Noticed Eustachio
  5918 | D:6      | Killed Eustachio
  5919 | D:6      | Reached XP level 9. HP: 89/90 MP: 9/9
  5957 | D:6      | Found a glowing silver altar of Zin.
  6020 | D:6      | Reached skill level 10 in Maces & Flails
  6050 | D:6      | Found a staircase to the Ecumenical Temple.
  6076 | Temple   | Entered the Ecumenical Temple
  6244 | D:6      | Found Vodal's General Store.
  6532 | D:6      | Reached skill level 11 in Maces & Flails
  6806 | D:7      | Noticed a two-headed ogre
  7460 | D:7      | Reached **** piety under the Shining One
  7474 | D:7      | Reached skill level 12 in Maces & Flails
  7488 | D:7      | Noticed a boulder beetle
  7626 | D:7      | Killed a two-headed ogre
  7627 | D:7      | Reached skill level 13 in Maces & Flails
  7854 | D:7      | HP: 4/92 [poisoned by a scorpion]
  7857 | D:7      | The Shining One protects you from harm!
  7858 | D:7      | HP: 1/92 [poisoned by a scorpion]
  7858 | D:7      | Slain by a scorpion

Illustrated notes

Levels and vault maps discovered:
D:1:      dpeg_arrival_simpleton_a, layout_basic,
          shapermc_ecumenical_altar_starsandcircs,
          chequers_serial_rivers_small_a
D:2:      layout_rooms
D:3:      layout_basic, chei_slow_surprise, uniq_natasha, uniq_robin
D:4:      layout_basic, minmay_gold_behind_fungi, minivault_23, uniq_sigmund,
          uniq_edmund
D:5:      layout_loops_ring, nicolae_uskayaw_en_pointe, serial_shops,
          shop_statue, shop, nicolae_lakefront_shop, uniq_grinder
D:6:      layout_basic, hangedman_ru_absence, lemuel_crystal_altar,
          temple_doors_cd, nicolae_inconvenience_store, uniq_eustachio,
          uniq_duvessa
D:7:      nzn_winding_woodlands_three_and_one [nzn_winding_woodlands_5x15_twine,
          nzn_winding_woodlands_5x15_cabin,
          nzn_winding_woodlands_5x15_concentric,
          nzn_winding_woodlands_center_diamonds], layout_loops_ring,
          nicolae_tso_swordbearing_angel, kennysheep_nondescript, uniq_maggie
Temple:   cyrus_circular_temple

Skill      XL: |  1  2  3  4  5  6  7  8  9 |
---------------+----------------------------+-----
Fighting       | 4 5 6 8 9 10 11 12 | 12.6
Maces & Flails | 2 9 13 | 13.2
Axes           | |  2.6
Armour         | |  3.2
Dodging        | |  0.1
Stealth        | |  0.1
Shields        | |  3.2
Invocations    | |  0.5

Action                   |  1- 3 |  4- 6 |  7- 9 || total
-------------------------+-------+-------+-------++-------
Melee: War axe           |    70 |    82 |    16 ||   168
       Flail             |       |       |   212 ||   212
Invok: Divine Shield     |       |       |     1 ||     1
Evoke: Wand              |       |       |     1 ||     1
  Use: Scroll            |       |       |     6 ||     6
       Potion            |       |       |     1 ||     1
Armor: Scale mail        |    16 |       |       ||    16
       Plate armour      |    16 |    31 |   140 ||   187
Dodge: Dodged            |    30 |    18 |    50 ||    98
Block: Buckler           |    19 |    14 |    47 ||    80
